drae, chaotic female elven Wizard -------- ...G.. ..... | .... |..- -...- - --...---- --...-- --..G.G.....--.....------- |.............!..........--- |...............<..........--- - |..........................--- | --............hG...G.G........| |...............@h.....---- ....| --.........|......--.--- ..- ---....* ---.----- -- - |..(. -- ---.| -- drae the Conjurer Experience level: 5 Strength: 9 Dexterity: 15 Constitution: 16 Intelligence: 20 Wisdom: 8 Charisma: 8 Health: 0(26) Energy: 23(51) Def: 1 Gold: 31 Moves: 3266 Dungeon seed: TacMCsOZD3tbdAhR Game ID: drae_1464279501 Your Inventory: Coins $ - 31 gold pieces Weapons a - a blessed +1 quarterstaff (weapon in hands) Armor e - an uncursed +0 cloak of magic resistance (being worn) Comestibles u - an uncursed food ration Scrolls j - an uncursed scroll of scare monster k - an uncursed scroll of confuse monster s - an uncursed scroll of identify v - a blessed scroll of enchant armor B - a blessed scroll of destroy armor H - a blessed scroll of confuse monster Spellbooks l - a blessed spellbook of force bolt m - an uncursed spellbook of healing C - an uncursed spellbook of cure blindness F - an uncursed spellbook of magic missile Potions g - 2 uncursed potions of gain energy w - an uncursed potion of acid D - an uncursed potion of restore ability Rings c - an uncursed ring of regeneration (on left hand) d - a blessed +1 ring of gain strength Wands b - an uncursed wand of cancellation (0:8) x - an uncursed wand of enlightenment (0:13) Tools n - an uncursed magic marker (0:37) o - an uncursed tooled horn p - an uncursed skeleton key Spells and supernatural/magical abilities: Name Level Category Fail Memory a - force bolt 1 attack 0% 84% h - healing 1 healing 0% 84% m - magic missile 2 attack 0% 97% B - cure blindness 2 healing 39% 95% W - pray for help -- divine ? -- Your skills at the end: Fighting Skills Weapon Skills quarterstaff [Basic] Spellcasting Skills attack spells [Basic] enchantment spells [Basic] Final Attributes: You were piously aligned. You were sleep resistant. You were magic-protected. You had infravision. You aggravated monsters. You regenerated. You are dead. Vanquished creatures: 2 small mimics a fog cloud 2 giant ants a little dog 2 floating eyes an iguana 2 gas spores 4 manes a large kobold 2 hobgoblins a giant rat a brown mold a yellow mold a gnome zombie 5 geckos 2 foxes a kobold 4 goblins 2 sewer rats 8 grid bugs 3 lichens a kobold zombie 7 newts 55 creatures vanquished. Voluntary challenges: You had followed a strict vegan diet until turn 2408. You had followed a strict vegetarian diet until turn 2408. You had been an atheist until turn 2085. You used a wielded weapon 40 times, starting on turn 3. You read items or engraved 8 times, starting on turn 660. You never genocided any monsters. You never polymorphed an object. You never changed form. You used no wishes. You never split a pudding. You wrote Elbereth's name 1 time, starting on turn 665. You never violated your personal moral code. Dungeon overview: The Dungeons of Doom: levels 1 to 4 Level 1 some fountains a long staircase Level 2 a general store, a fountain Level 3 some fountains, a sink Level 4 a scroll shop, an altar to Anhur, a fountain stairs to The Gnomish Mines The Gnomish Mines: Level 5 <- You were here stairs to The Dungeons of Doom History has recorded: On T:1 you entered the Dungeons of Doom to retrieve the Amulet of Yendor! On T:260 you reached level 2 of The Dungeons of Doom. On T:622 you advanced to experience level 2. On T:637 you reached level 3 of The Dungeons of Doom. On T:1849 you advanced to experience level 3. On T:1925 you reached level 4 of The Dungeons of Doom. On T:2258 you advanced to experience level 4. On T:2390 you advanced to experience level 5. On T:3242 you reached level 1 of The Gnomish Mines. Score breakdown: Gold: 31 ( 5120 points) Experience: 5 levels (11141 points) Exploration: 5 levels ( 10.64%) ( 8846 points) Discoveries: 7 items ( 2.54%) ( 4777 points) Valuables value: (no points given unless you survive) Artifact value: 0 ( 0 points) Variety of kills: 23 monsters ( 6.04%) ( 7370 points) Turncount: 3266 turns ( -725 points) Survival: died (score multiplied by 80%) Total score: 29223 Latest messages: x - an uncursed wand of enlightenment. p - an uncursed key. A key lands on the altar. You miss the dwarf. The dwarf king swings his pick-axe. The dwarf king hits! You die... Final status: Goodbye drae the Wizard, killed by a dwarf king... You died in The Gnomish Mines on dungeon level 5 with 29223 points, and 31 pieces of gold, after 3266 moves. You were level 5 with a maximum of 26 hit points when you died.